 Dungeon Crawl Stone Soup version 0.25-b1-41-g19641232cd (webtiles) character file.

Game seed: 12679646480147220497

4732 Froggeryz the Thaumaturge (level 10, -11/86 HPs)
             Began as a Purple Draconian Transmuter on June 8, 2020.
             Was a Follower of Ashenzari.
             Mangled by a death yak (22 damage)
             ... on level 8 of the Dungeon.
             The game lasted 00:20:49 (10684 turns).

Froggeryz the Thaumaturge (DrTm)                   Turns: 10684, Time: 00:20:49

Health: -11/86     AC:  2    Str: 13    XL:     10   Next: 22%
Magic:  21/23      EV: 21    Int: 14    God:    Ashenzari [*.....]
Gold:   305        SH:  0    Dex: 19    Spells: 23/27 levels left

rFire    . . .     SeeInvis .     - Unarmed
rCold    . . .     Gourm    .   (shield currently unavailable)
rNeg     . . .     Faith    .   (armour unavailable)
rPois    x         Spirit   .   (helmet currently unavailable)
rElec    .         Reflect  .   (cloak currently unavailable)
rCorr    .         Harm     .   (gloves currently unavailable)
MR       +....                  (boots currently unavailable)
Stlth    ++........             (no amulet)
HPRegen  0.24/turn              (no ring)
MPRegen  0.18/turn              (no ring)

@: spider-form
A: tiny, (breathe power), unfitting armour, AC +7
a: End Transformation, Curse Item, Scrying, Renounce Religion


You were on level 8 of the Dungeon.
You worshipped Ashenzari.
Ashenzari was aware of your devotion.
You were not hungry.
You were a venomous arachnid creature.
You visited 2 branches of the dungeon, and saw 10 of its levels.

You collected 455 gold pieces.
You spent 150 gold pieces at shops.

Inventory:

Hand Weapons
 k - a +0 hunting sling
Missiles
 a - 79 arrows
 j - 13 boomerangs
 q - 69 sling bullets
 x - 2 throwing nets
 y - 5 javelins (quivered)
 C - 2 silver javelins
Armour
 p - a +1 pair of gloves (melded)
 A - a cursed +0 buckler (melded)
 G - a +0 pair of boots (melded)
Jewellery
 u - an uncursed ring of ice
 N - an uncursed ring of wizardry
Wands
 i - a wand of digging (4)
 I - a wand of enslavement (10)
 K - a wand of polymorph (2)
Scrolls
 b - 4 scrolls of remove curse
 d - 4 scrolls of fear
 f - a scroll of fog {unknown}
 m - a scroll of noise {unknown}
 o - a scroll of enchant weapon {unknown}
 r - a scroll of magic mapping {unknown}
 v - 3 scrolls of teleportation
 D - 2 scrolls of blinking {unknown}
 E - 8 scrolls of identify
 J - a scroll of amnesia {unknown}
 L - a scroll of holy word {unknown}
 M - a scroll of enchant armour {unknown}
 P - a scroll of summoning {unknown}
Potions
 e - 4 potions of heal wounds
 g - 2 potions of stabbing {unknown}
 h - 4 potions of degeneration {unknown}
 l - a potion of resistance {unknown}
 n - 3 potions of mutation {unknown}
 s - a potion of flight {unknown}
 t - 3 potions of brilliance {unknown}
 w - a potion of experience {unknown}
 z - a potion of invisibility {unknown}
 B - a potion of lignification {unknown}
 F - a potion of might {unknown}
 H - a potion of haste {unknown}
Comestibles
 c - 16 rations
 O - 2 chunks of flesh


   Skills:
 - Level 7.0 Fighting
 - Level 3.1 Dodging
 - Level 5.0 Shields
 + Level 9.1 Unarmed Combat
 - Level 9.1 Spellcasting
 + Level 4.0 Transmutations


You had 23 spell levels left.
You knew the following spells:

 Your Spells              Type           Power        Failure   Level  Hunger
a - Beastly Appendage     Tmut           ###...       9%          1    None
b - Spider Form           Tmut/Pois      ##........   34%         3    ##.....

Your spell library contained the following spells:

 Spells                   Type           Power        Failure   Level  Hunger
 Sticks to Snakes         Tmut           ###.....     11%         2    None
 Foxfire                  Conj/Fire      #...         28%         1    None
 Conjure Flame            Conj/Fire      #.......     56%         3    ##.....
 Inner Flame              Hex/Fire       #.......     56%         3    ##.....
 Ice Form                 Ice/Tmut       ##......     67%         4    ####...
 Blade Hands              Tmut           ###.......   73%         5    #####..
 Sticky Flame             Conj/Fire      #.......     89%         4    ####...
 Fireball                 Conj/Fire      #.........   99%         5    #####..


Dungeon Overview and Level Annotations

Branches:
Dungeon (9/15)             Temple (1/1) D:4            Lair (0/6) D:9
    Orc: D:9-12

Altars:
Ashenzari
Cheibriados
Dithmenos
Elyvilon
Fedhas
Gozag
Hepliaklqana
Kikubaaqudgha
Makhleb
Nemelex Xobeh
Okawaru
Qazlal
Ru
Sif Muna
Trog
Uskayaw
Vehumet
Wu Jian
Xom
Yredelemnul
Zin
The Shining One

Shops:
D:4 ?=[=


Innate Abilities, Weirdness & Mutations

((You can breathe bolts of dispelling energy.))
((Your rich purple scales are hard. (AC +7)))
You cannot fit into any form of body armour.
((You are cold-blooded and may be slowed by cold attacks.))


Message History

You bite the death yak!
The death yak looks as sick as possible!
The death yak is severely wounded.
The death yak gores you.
You hit the death yak.
The death yak looks as sick as possible!
The death yak is severely wounded.
The death yak gores you!
You bite the death yak!
The death yak looks as sick as possible!
The death yak is almost dead.
The death yak completely misses you.
You completely miss the death yak.
The death yak is almost dead.
The death yak gores you!!
* * * LOW HITPOINT WARNING * * *
You hit the death yak.
The death yak is almost dead.
The death yak gores you!!
You die...

.....[......# #.###....##
............# #.##...###
##........#.# ####....#..###
.#......#...######......###...#
................KY......# ###.#
###.[#####...#####......# #.#
##..### ##...[###......# #.#
......#####....Y###.##### #.#
...##..........[s##.# #.#
##########.......##.# #.###
#...........### #....
##.#.....###...## #....
########..#.........#..######....
.........#.......#####.....##....
.#########.......# #####.......
## #.......# ####.... ##.....##
#....


You could see a death yak (extremely poisoned).

Vanquished Creatures
  Grinder (D:6)
  2 hippogriffs
  Sigmund (D:2)
  2 yaks (D:8)
  Duvessa (D:6)
  2 sky beasts
  3 orc warriors
  An ice beast (D:7)
  4 killer bees (D:8)
  A black bear (D:7)
  2 ogres
  2 centaurs
  7 bullfrogs
  A water moccasin zombie (D:8)
  2 scorpions
  Dowan (D:6)
  10 wights
  A howler monkey (D:8)
  A centaur zombie (D:7)
  4 crimson imps
  A quasit (D:8)
  7 hounds
  A jelly (D:7)
  A bullfrog skeleton (D:7)
  4 orc priests
  A centaur skeleton (D:5)
  6 orc wizards
  Jessica (D:2)
  An iguana (D:6)
  6 worker ants
  7 gnolls
  A howler monkey skeleton (D:7)
  8 adders
  3 shadow imps
  2 oozes
  An adder zombie (D:9)
  4 adder skeletons
  3 worms
  6 leopard geckos
  20 orcs
  2 ball pythons
  8 giant cockroaches
  13 goblins
  11 hobgoblins
  12 jackals
  4 quokkas
  3 bats
  10 frilled lizards
  10 kobolds
  A leopard gecko skeleton (D:8)
  10 rats
217 creatures vanquished.

Vanquished Creatures (collateral kills)
  3 wights
3 creatures vanquished.

Vanquished Creatures (others)
  A yak (D:9)
  A killer bee (D:8)
2 creatures vanquished.

Grand Total: 222 creatures vanquished

Notes
Turn   | Place    | Note
-------+----------+-------------------------------------------
     0 | D:1      | Froggeryz the Draconian Transmuter began the quest for the
                  | Orb.
     0 | D:1      | Reached XP level 1. HP: 16/16 MP: 3/3
   220 | D:1      | Reached XP level 2. HP: 4/23 MP: 3/5
   988 | D:1      | Reached XP level 3. HP: 28/28 MP: 6/6
  2055 | D:2      | Noticed Sigmund
  2065 | D:2      | Killed Sigmund
  2065 | D:2      | Reached skill level 5 in Unarmed Combat
  2065 | D:2      | Reached XP level 4. HP: 35/35 MP: 5/7
  2065 | D:2      | Reached XP level 5. HP: 40/40 MP: 5/8
  2106 | D:2      | Noticed Jessica
  2123 | D:2      | Killed Jessica
  2257 | D:2      | Learned a level 3 spell: Spider Form
  2408 | D:3      | Reached XP level 6. HP: 46/47 MP: 9/9
  3330 | D:4      | Found Hoaxt's Antique Armour Emporium.
  3431 | D:4      | Found Mievvyb's Jewellery Shoppe.
  3441 | D:4      | Bought a buckler for 112 gold pieces
  3448 | D:4      | Found Jenits's Jewellery Emporium.
  3483 | D:4      | Found an iron altar of Okawaru.
  3559 | D:4      | Found a staircase to the Ecumenical Temple.
  3638 | D:4      | Found Bicaulaw's Magic Scroll Emporium.
  3651 | D:4      | Bought a scroll of fear for 38 gold pieces
  3720 | Temple   | Entered the Ecumenical Temple
  3789 | Temple   | Became a worshipper of Ashenzari the Shackled
  4107 | D:4      | Reached skill level 1 in Shields
  4226 | D:5      | Entered Level 5 of the Dungeon
  4236 | D:5      | Your scales start taking on a rich purple colour.
  4236 | D:5      | Reached XP level 7. HP: 52/52 MP: 7/10
  4354 | D:5      | Found a radiant altar of Vehumet.
  5025 | D:5      | Reached skill level 5 in Shields
  5228 | D:6      | Found a hazy altar of Hepliaklqana.
  5442 | D:6      | Reached XP level 8. HP: 28/66 MP: 9/11
  5747 | D:6      | Reached skill level 5 in Fighting
  6044 | D:6      | Noticed Grinder
  6055 | D:6      | Paralysed by Grinder for 3 turns
  6060 | D:6      | Killed Grinder
  6190 | D:6      | Noticed Dowan
  6197 | D:6      | Killed Dowan
  6212 | D:6      | Noticed Duvessa
  6240 | D:6      | Killed Duvessa
  6602 | D:7      | Noticed a hippogriff
  6611 | D:7      | Killed a hippogriff
  6611 | D:7      | Reached skill level 5 in Spellcasting
  6611 | D:7      | Reached XP level 9. HP: 60/79 MP: 12/16
  7065 | D:7      | Reached * piety under Ashenzari
  8009 | D:8      | Found a sacrificial altar of Ru.
  8822 | D:8      | Reached XP level 10. HP: 41/86 MP: 18/22
  9483 | D:9      | Found a staircase to the Lair.
  9483 | D:9      | Noticed a death yak
  9483 | D:9      | Noticed a death yak
  9509 | D:9      | Noticed a death yak
  9509 | D:9      | Noticed a death yak
  9985 | D:9      | HP: 2/86 [orc priest/divine providence (16)]
 10621 | D:9      | Noticed a death yak
 10684 | D:8      | Mangled by a death yak

Illustrated notes

Levels and vault maps discovered:
D:1:      minmay_arrival_diagonal_passages, layout_basic, st_stairs_11,
          minmay_pentomino_t2
D:2:      layout_loops_ring, first_ration, uniq_jessica, uniq_sigmund
D:3:      cheibrodos_helix_gallery, layout_basic
D:4:      layout_loops_corners, temple_doors_e, serial_shops, shop_scrolls,
          shop, shop, nicolae_shop_stone, okawaru_ov_weapons_minmay
D:5:      layout_rooms, basic_altar
D:6:      layout_loops_cross, basic_altar, kennysheep_pointless_box,
          uniq_duvessa, uniq_grinder
D:7:      minmay_spotlight, layout_basic
D:8:      layout_rooms, nicolae_ru_the_path_less_chosen
D:9:      layout_loops_cross, dpeg_lair_monsters, basic_altar,
          nicolae_elemental_shop, grunt_livestock, kennysheep_nub,
          minmay_shop_enchanted_jewellery, nicolae_lava_and_water
Temple:   nicolae_temple_the_god_donut

Skill      XL: |  1  2  3  4  5  6  7  8  9 10 |
---------------+-------------------------------+-----
Unarmed Combat | 4 5 6 8 9 |  9.1
Transmutations | 3 4 |  4.0
Shields        | 2 5 |  5.0
Fighting       | 3 7 |  7.0
Dodging        | 3 |  3.1
Spellcasting   | 5 8 9 |  9.1

Action                   |  1- 3 |  4- 6 |  7- 9 | 10-12 || total
-------------------------+-------+-------+-------+-------++-------
Melee: Unarmed           |   154 |   187 |   531 |   106 ||   978
       Tailslap          |    14 |    27 |    40 |     6 ||    87
       Kick              |     5 |     6 |       |       ||    11
       Headbutt          |     5 |     2 |    26 |     2 ||    35
       Punch             |     1 |     4 |     4 |       ||     9
 Fire: Hunting sling     |       |     5 |       |       ||     5
Throw: Boomerang         |     4 |       |       |       ||     4
       Javelin           |       |       |     7 |       ||     7
 Cast: Beastly Appendage |    13 |     9 |    15 |     2 ||    39
       Spider Form       |       |     2 |    14 |     7 ||    23
Invok: Curse Item        |       |       |     1 |       ||     1
 Abil: Breathe Dispellin |       |       |     2 |     1 ||     3
Evoke: Wand              |       |       |     5 |     3 ||     8
  Use: Scroll            |       |       |     3 |       ||     3
 Stab: Sleeping          |     1 |     2 |     2 |       ||     5
       Betrayed ally     |       |       |     1 |     1 ||     2
  Eat: Chunk             |     4 |     7 |    18 |     3 ||    32
       Ration            |       |       |       |     1 ||     1
Armor: Skin              |    38 |    43 |   144 |    14 ||   239
Dodge: Dodged            |    89 |   108 |   387 |    95 ||   679
Block: Buckler           |       |       |    55 |    11 ||    66
